 Dungeon Crawl Stone Soup version 0.21-a0-538-gd16b88a (webtiles) character file.

34622 Gerstahl the Nimble (level 13, -5/106 HPs)
             Began as a Demonspawn Monk on Dec 15, 2017.
             Was an Elder of Dithmenos.
             Slain by a skeletal warrior
             ... wielding a +0 glaive
             ... led by a skeletal warrior
              (17 damage)
             ... on level 14 of the Dungeon.
             The game lasted 00:43:07 (15251 turns).

Gerstahl the Nimble (Demonspawn Monk)              Turns: 15251, Time: 00:43:08

Health: -5/106     AC: 18    Str: 11      XL:     13   Next: 43%
Magic:  16/16      EV: 20    Int: 11 (13) God:    Dithmenos [****..]
Gold:   772        SH:  0    Dex: 22      Spells: 11/16 levels left

rFire    + . .     SeeInvis .   U - +3 long sword (slice)
rCold    . . .     Gourm    .   (no shield)
rNeg     . . .     Faith    .   C - +0 scale mail
rPois    .         Spirit   .   (helmet unavailable)
rElec    .         Reflect  .   B - +1 cloak {+Inv}
rCorr    .         Harm     .   u - +2 pair of gloves
MR       +....                  a - +2 pair of boots {run}
Stlth    +.........             (no amulet)
HPRegen  0.27/turn              M - +2 ring of slaying
MPRegen  0.15/turn              f - ring of protection from fire

@: wreathed by umbra, quick
A: horns 3, repulsion field 2, agile 1, blink, demonic guardian 2, magic
resistance 1, wild magic 1
a: Blink, Shadow Step, Renounce Religion, Evoke Invisibility


You were on level 14 of the Dungeon.
You worshipped Dithmenos.
Dithmenos was greatly pleased with you.
You were completely stuffed.

You visited 2 branches of the dungeon, and saw 15 of its levels.
You also visited: Bailey.

You collected 772 gold pieces.

Inventory:

Hand Weapons
 N - the +10 dagger "Zuipye" {protect, rN++ Str+5 Int-4}
   (You found it on level 6 of the Dungeon)

   It protects the one who uses it against injury (+AC on strike).
   It affects your strength (+5).
   It affects your intelligence (-4).
   It greatly protects you from negative energy.
 U - a +3 long sword of slicing (weapon)
Armour
 a - a +2 pair of boots of running (worn)
 u - a +2 pair of gloves (worn)
 B - a +1 cloak of invisibility (worn)
 C - a +0 scale mail (worn)
 J - the +0 robe of Trial and Error {+Inv Regen+ Int+6}
   (You found it on level 5 of the Dungeon)

   It affects your intelligence (+6).
   It lets you turn invisible.
   It increases your rate of regeneration.
Magical Staves
 l - an uncursed staff of wizardry
Jewellery
 f - a ring of protection from fire (right hand)
 x - an uncursed ring of wizardry
 E - an uncursed ring of see invisible
 M - a +2 ring of slaying (left hand)
 Z - an uncursed ring of protection from magic
Wands
 y - a wand of paralysis (33)
 H - a wand of iceblast (11)
Scrolls
 e - 6 scrolls of remove curse
 g - a scroll of fog
 i - 3 scrolls of identify
 p - 7 scrolls of teleportation
 t - a scroll of blinking
 z - 3 scrolls of amnesia
 F - 2 scrolls of fear
 P - 4 scrolls of magic mapping
 R - 3 scrolls of enchant armour
 V - 2 scrolls of silence
Potions
 d - 2 potions of berserk rage
 h - 2 potions of curing
 k - a potion of lignification
 m - 2 potions of invisibility
 n - a potion of haste
 o - 2 potions of resistance
 D - 4 potions of might
 G - 2 potions of cancellation
Books
 b - a book of Necromancy

   Spells                             Type                      Level
   a - Pain                           Necromancy                   1
   b - Animate Skeleton               Necromancy                   1
   c - Vampiric Draining              Necromancy                   3
   d - Regeneration                   Charms/Necromancy            3
   e - Animate Dead                   Necromancy                   4
   f - Control Undead                 Necromancy                   4
 s - Sif Muna's Handbook of the Shifting Voyage
   (You found it on level 12 of the Dungeon)

   Spells                             Type                      Level
   a - Portal Projectile              Hexes/Translocation          3
   b - Teleport Other                 Translocation                3
   c - Spider Form                    Transmutation/Poison         3
   d - Irradiate                      Conjuration/Transmutation    5
   e - Blade Hands                    Transmutation                5
   f - Dispersal                      Translocation                6
   g - Disjunction                    Translocation                8
 w - the Guide on the Escort
   (You found it on level 12 of the Dungeon)

   Spells                             Type                      Level
   a - Summon Butterflies             Summoning                    1
   b - Summon Guardian Golem          Hexes/Summoning              3
 A - Sif Muna's Incunabulum of Feathery Orientation
   (You found it on level 12 of the Dungeon)

   Spells                             Type                      Level
   a - Gell's Gravitas                Translocation                3
   b - Summon Lightning Spire         Summoning/Air                4
   c - Deflect Missiles               Charms/Air                   6
   d - Conjure Ball Lightning         Conjuration/Air              6
   e - Malign Gateway                 Summoning/Translocation      7
 Q - the Disquisition on Air and Poison
   (You found it on level 12 of the Dungeon)

   Spells                             Type                      Level
   a - Ignite Poison                  Fire/Transmutation/Poison    3
   b - Airstrike                      Air                          4
   c - Olgreb's Toxic Radiance        Poison                       4
   d - Summon Lightning Spire         Summoning/Air                4
 W - a Necronomicon

   Spells                             Type                      Level
   a - Haunt                          Necromancy/Summoning         7
   b - Borgnjor's Revivification      Necromancy                   8
   c - Death's Door                   Charms/Necromancy            8
   d - Infestation                    Necromancy                   8
   e - Necromutation                  Transmutation/Necromancy     8
 X - Qeniamifi's Grimoire of Calling and Weightlessness
   (You found it on level 12 of the Dungeon)

   Spells                             Type                      Level
   a - Summon Butterflies             Summoning                    1
   b - Silence                        Hexes/Air                    5
   c - Summon Hydra                   Summoning                    7
Comestibles
 q - 10 meat rations
 r - 10 royal jellies
 K - 38 fruits


   Skills:
 - Level 11.1 Fighting
 - Level 11.0 Long Blades
 - Level 10.0 Armour
 - Level 12.0 Dodging
 - Level 1.7 Stealth
 + Level 2.4 Spellcasting
 + Level 1.9 Conjurations
 + Level 1.7 Transmutations


You had 11 spell levels left.
You knew the following spells:

 Your Spells              Type           Power        Failure   Level  Hunger
a - Irradiate             Conj/Tmut      #.........   100%        5    ######.


Dungeon Overview and Level Annotations

Branches:
Dungeon (14/15)            Temple (1/1) D:4            Lair (0/6) D:8
    Orc (0/2) D:10         Vaults (0/5) D:13

Altars:
Ashenzari
Cheibriados
Dithmenos
Elyvilon
Fedhas
Gozag
Hepliaklqana
Kikubaaqudgha
Makhleb
Nemelex Xobeh
Okawaru
Qazlal
Ru
Sif Muna
Trog
Uskayaw
Vehumet
Wu Jian
Xom
Yredelemnul
Zin
The Shining One

Annotations:
D:3 Nattefrost's ghost, amateur NaAK


Innate Abilities, Weirdness & Mutations

You have a pair of large horns on your head.
You are surrounded by a moderate repulsion field. (EV +3)
A demonic guardian rushes to your aid.
You are agile. (Dex +2)
You can translocate small distances at will.
You are resistant to hostile enchantments. (MR+)
Your spells are a little harder to cast, but a little more powerful.


Message History

The skeletal warrior completely misses you.
You hit the skeletal warrior but do no damage.
The skeletal warrior is moderately damaged.
The skeletal warrior hits you with a glaive!
* * * LOW HITPOINT WARNING * * *
You hit the skeletal warrior but do no damage.
You headbutt the skeletal warrior.
The skeletal warrior is heavily damaged.
You hit the skeletal warrior but do no damage.
The skeletal warrior is heavily damaged.
The skeletal warrior hits you but does no damage.
You hit the skeletal warrior but do no damage.
The skeletal warrior is heavily damaged.
The skeletal warrior hits you with a glaive!!
* * * LOW HITPOINT WARNING * * *
You hit the skeletal warrior but do no damage.
You headbutt the skeletal warrior, but do no damage.
The skeletal warrior is heavily damaged.
The skeletal warrior hits you from afar with a glaive!
You die...

## ...##. ......
## ......
...#### ##......
.......##.......
#....4........
#z))...#
###@..## #...#
##..## #...#
#..## ##..#
###..##
#####....#
.........##


You could see a skeletal warrior and a friendly ice devil.

Vanquished Creatures
  A deep elf sorcerer (D:12)
  A centaur warrior (D:13)
  2 dancing weapons (D:13)
  5 two-headed ogres
  A vampire mage (D:12)
  2 skeletal warriors (D:14)
  2 unseen horrors
  An orange crystal statue (D:13)
  A deep elf archer (Bailey)
  A cyclops (D:13)
  3 orc sorcerers (D:12)
  2 manticores
  16 deep elf magi
  2 ugly things
  2 centaur zombies
  2 naga magi (D:12)
  2 komodo dragons
  2 trolls
  A hornet (D:7)
  2 hippogriffs
  Sigmund (D:6)
  The ghost of zero the Covert, an amateur SpEn (D:4)
  4 yaks (D:11)
  A wyvern (D:13)
  A hungry ghost (D:10)
  An acid dragon (D:13)
  Duvessa (D:6)
  6 orc warriors
  5 sky beasts
  An ice beast (D:7)
  An eye of draining (D:12)
  A black bear (D:7)
  3 phantoms
  A hornet zombie (D:10)
  4 ogres
  4 centaurs
  A crocodile (D:8)
  2 big kobolds
  8 bullfrogs
  A gnoll sergeant (D:8)
  Dowan (D:6)
  4 scorpions
  8 killer bees (D:8)
  6 crimson imps
  2 bullfrog skeletons (D:13)
  3 jellies
  A bullfrog zombie (D:8)
  A gnoll shaman (D:4)
  11 orc wizards
  3 orc priests
  A hound (D:12)
  5 iguanas
  8 worker ants
  A killer bee zombie (D:8)
  A hound zombie (D:11)
  A hound skeleton (D:7)
  A howler monkey zombie (D:6)
  15 adders
  9 gnolls
  A howler monkey skeleton (D:9)
  5 shadow imps
  2 oozes
  An adder skeleton (D:6)
  7 worms
  A dart slug (D:3)
  5 leopard geckos
  14 orcs
  6 bats
  4 giant cockroaches
  6 goblins
  7 hobgoblins
  13 jackals
  12 kobolds
  5 quokkas
  3 frilled lizards
  A jackal skeleton (D:8)
  A leopard gecko zombie (D:6)
  6 rats
  A plant (D:8)
282 creatures vanquished.

Vanquished Creatures (collateral kills)
  Harold (D:10)
  The ghost of galech the Grappler, a novice TrMo of Okawaru (D:8)
  A death knight (D:13)
  A hydra (D:11)
  A two-headed ogre (D:13)
  2 vampire magi
  The ghost of Megalobster the Cleaver, a novice MiBe of Trog (D:7)
  An unseen horror (D:8)
  11 deep elf magi
  Maurice (D:8)
  A naga mage (D:12)
  3 yaks (D:11)
  2 humans (D:7)
  A sky beast (D:11)
  2 ogres
  A big kobold (D:8)
  A bullfrog (D:14)
  A scorpion (D:8)
  2 orc wizards
  An orc priest (D:5)
  2 gnolls
  A shadow imp (D:5)
  5 orcs
44 creatures vanquished.

Grand Total: 326 creatures vanquished

Notes
Turn   | Place    | Note
-------+----------+-------------------------------------------
     0 | D:1      | Gerstahl the Demonspawn Monk began the quest for the Orb.
     0 | D:1      | Reached XP level 1. HP: 18/18 MP: 1/1
    70 | D:1      | Gained mutation: You are surrounded by a mild repulsion field. (EV +2) [demonic ancestry]
    70 | D:1      | Reached XP level 2. HP: 21/24 MP: 2/2
   546 | D:1      | Reached XP level 3. HP: 28/29 MP: 3/3
   932 | D:2      | Reached XP level 4. HP: 27/37 MP: 4/4
  1029 | D:2      | Found a sparkling altar of Nemelex Xobeh.
  1505 | D:2      | Found a bloodstained altar of Trog.
  1882 | D:3      | Found a radiant altar of Vehumet.
  1888 | D:3      | Found an ancient bone altar of Kikubaaqudgha.
  1897 | D:3      | Found a deep blue altar of Sif Muna.
  1938 | D:3      | Gained mutation: You have a pair of small horns on your head. [demonic ancestry]
  1938 | D:3      | Reached XP level 5. HP: 28/43 MP: 5/5
  1942 | D:3      | Identified Sif Muna's Almanac of Transmigration
  2262 | D:3      | Noticed Nattefrost's ghost (amateur NaAK)
  2384 | D:4      | Reached skill level 5 in Fighting
  2428 | D:4      | Noticed zero's ghost (amateur SpEn)
  2529 | D:4      | Killed zero's ghost
  2529 | D:4      | Reached skill level 5 in Long Blades
  2529 | D:4      | Gained mutation: A weak demonic guardian rushes to your aid. [demonic ancestry]
  2529 | D:4      | Reached XP level 6. HP: 22/51 MP: 6/6
  2887 | D:4      | Reached XP level 7. HP: 25/58 MP: 7/7
  3186 | D:4      | Found a staircase to the Ecumenical Temple.
  3245 | Temple   | Entered the Ecumenical Temple
  3349 | Temple   | Became a worshipper of Dithmenos the Shadowed
  3349 | Temple   | Reached * piety under Dithmenos
  3349 | Temple   | Reached ** piety under Dithmenos
  3457 | D:5      | Entered Level 5 of the Dungeon
  3836 | D:5      | Reached skill level 3 in Dodging
  3892 | D:5      | Found a stormy altar of Qazlal.
  3893 | D:5      | Noticed a fire elemental
  3894 | D:5      | Noticed an air elemental
  3894 | D:5      | Noticed a water elemental
  4529 | D:5      | Found an ornate altar of the Wu Jian Council.
  4706 | D:5      | Got a fine robe
  4710 | D:5      | Identified the +0 robe of Trial and Error {+Inv Regen+ Int+6} (You found it on level 5 of the Dungeon)
  5097 | D:6      | Noticed Dowan
  5182 | D:6      | Gained mutation: You have a pair of horns on your head. [demonic ancestry]
  5182 | D:6      | Reached XP level 8. HP: 54/65 MP: 8/8
  5186 | D:6      | Found a glowing silver altar of Zin.
  5338 | D:6      | Reached skill level 4 in Dodging
  5537 | D:6      | Got an ichor-stained dagger
  5544 | D:6      | Identified the +10 dagger "Zuipye" {protect, rN++ Str+5 Int-4} (You found it on level 6 of the Dungeon)
  5601 | D:6      | Reached *** piety under Dithmenos
  5601 | D:6      | Reached skill level 5 in Dodging
  5792 | D:6      | Noticed Sigmund
  5804 | D:6      | Killed Sigmund
  5906 | D:6      | Noticed a hippogriff
  5917 | D:6      | Killed a hippogriff
  6051 | D:6      | Noticed a deep elf mage
  6059 | D:6      | Killed a deep elf mage
  6059 | D:6      | Reached skill level 6 in Dodging
  6059 | D:6      | Gained mutation: A demonic guardian rushes to your aid. [demonic ancestry]
  6059 | D:6      | Reached XP level 9. HP: 59/74 MP: 9/9
  6122 | D:6      | Noticed Duvessa
  6134 | D:6      | Killed Duvessa
  6141 | D:6      | Killed Dowan
  6212 | D:7      | Noticed Megalobster's ghost (novice MiBe)
  6226 | D:7      | Killed Megalobster's ghost
  6317 | D:7      | Reached skill level 7 in Dodging
  6532 | D:7      | Gained mutation: You are agile. (Dex +2) [mutagenic meat]
  6533 | D:7      | Gained mutation: You are resistant to hostile enchantments. (MR+) [mutagenic meat]
  6534 | D:7      | Gained mutation: You occasionally shout uncontrollably at your foes. [mutagenic meat]
  6535 | D:7      | Gained mutation: Armour fits poorly on your strangely shaped body. [mutagenic meat]
  6536 | D:7      | Lost mutation: You are agile. (Dex +2) [mutagenic meat]
  6850 | D:7      | Found an iron altar of Okawaru.
  7114 | D:8      | Reached **** piety under Dithmenos
  7155 | D:8      | Noticed an unseen horror
  7156 | D:8      | Noticed Maurice
  7159 | D:8      | Reached XP level 10. HP: 77/83 MP: 10/10
  7179 | D:8      | Killed an unseen horror
  7386 | D:8      | Killed Maurice
  7611 | D:8      | Noticed galech's ghost (novice TrMo)
  7631 | D:8      | Reached skill level 8 in Dodging
  7657 | D:8      | Killed galech's ghost
  8013 | D:8      | Found a staircase to the Lair.
  8068 | D:9      | Noticed a two-headed ogre
  8079 | D:9      | Killed a two-headed ogre
  8109 | D:9      | Reached skill level 10 in Fighting
  8216 | D:9      | Found a flagged portal.
  8232 | Bailey   | Entered a bailey
  8240 | Bailey   | Noticed a deep elf mage
  8246 | Bailey   | Killed a deep elf mage
  8254 | Bailey   | Noticed a deep elf mage
  8255 | Bailey   | Noticed a deep elf mage
  8255 | Bailey   | Noticed a deep elf mage
  8255 | Bailey   | Noticed a deep elf mage
  8255 | Bailey   | Noticed a deep elf mage
  8255 | Bailey   | Noticed a deep elf mage
  8262 | Bailey   | Killed a deep elf mage
  8264 | Bailey   | Killed a deep elf mage
  8266 | Bailey   | Killed a deep elf mage
  8266 | Bailey   | Reached skill level 10 in Long Blades
  8266 | Bailey   | Reached skill level 9 in Dodging
  8266 | Bailey   | Reached XP level 11. HP: 56/92 MP: 11/11
  8271 | Bailey   | Killed a deep elf mage
  8274 | Bailey   | Killed a deep elf mage
  8279 | Bailey   | Killed a deep elf mage
  8396 | Bailey   | Noticed a deep elf mage
  8396 | Bailey   | Noticed a deep elf mage
  8396 | Bailey   | Noticed a deep elf mage
  8396 | Bailey   | Noticed a deep elf mage
  8406 | Bailey   | Killed a deep elf mage
  8409 | Bailey   | Noticed a sun demon
  8420 | Bailey   | Killed a deep elf mage
  8425 | Bailey   | Killed a deep elf mage
  8439 | Bailey   | Killed a deep elf mage
  8439 | Bailey   | Reached ***** piety under Dithmenos
  8502 | Bailey   | Noticed a deep elf archer
  8510 | Bailey   | Killed a deep elf archer
  8674 | Bailey   | Lost mutation: Armour fits poorly on your strangely shaped body. [potion of mutation]
  8674 | Bailey   | Lost mutation: You are resistant to hostile enchantments. (MR+) [potion of mutation]
  8674 | Bailey   | Lost mutation: You occasionally shout uncontrollably at your foes. [potion of mutation]
  8674 | Bailey   | Gained mutation: Your flesh is heat resistant. (rF+) [potion of mutation]
  8674 | Bailey   | Gained mutation: Your muscles are strong. (Str +2) [potion of mutation]
  8674 | Bailey   | Gained mutation: You possess an exceptional clarity of mind. [potion of mutation]
  9308 | D:10     | Entered Level 10 of the Dungeon
  9431 | D:10     | Noticed Harold
  9440 | D:10     | Killed Harold
 10022 | D:10     | Found a staircase to the Orcish Mines.
 10137 | D:11     | Noticed an unseen horror
 10146 | D:11     | Killed an unseen horror
 10146 | D:11     | Reached skill level 1 in Armour
 10153 | D:11     | Lost mutation: You possess an exceptional clarity of mind. [potion of mutation]
 10153 | D:11     | Lost mutation: Your flesh is heat resistant. (rF+) [potion of mutation]
 10153 | D:11     | Lost mutation: Your muscles are strong. (Str +2) [potion of mutation]
 10153 | D:11     | Gained mutation: You are resistant to hostile enchantments. (MR+) [potion of mutation]
 10153 | D:11     | Gained mutation: You can translocate small distances at will. [potion of mutation]
 10153 | D:11     | Gained mutation: You are agile. (Dex +2) [potion of mutation]
 10153 | D:11     | Gained mutation: Your spells are a little harder to cast, but a little more powerful. [potion of mutation]
 10223 | D:11     | Noticed a seven-headed hydra
 10233 | D:11     | Noticed a deep elf mage
 10233 | D:11     | Killed an 11-headed hydra
 10233 | D:11     | Reached skill level 10 in Dodging
 10528 | D:11     | Killed a deep elf mage
 10559 | D:11     | Noticed a deep elf mage
 10560 | D:11     | Noticed a deep elf mage
 10561 | D:11     | Noticed a deep elf mage
 10561 | D:11     | Noticed a deep elf mage
 10561 | D:11     | Noticed a deep elf mage
 10562 | D:11     | Noticed a deep elf mage
 10565 | D:11     | Killed a deep elf mage
 10569 | D:11     | Killed a deep elf mage
 10574 | D:11     | Killed a deep elf mage
 10585 | D:11     | Killed a deep elf mage
 10587 | D:11     | Killed a deep elf mage
 10594 | D:11     | Killed a deep elf mage
 10594 | D:11     | Gained mutation: You have a pair of large horns on your head. [demonic ancestry]
 10594 | D:11     | Reached XP level 12. HP: 43/100 MP: 12/12
 11424 | D:11     | Noticed a seven-headed hydra
 11928 | D:11     | Reached skill level 5 in Armour
 12182 | D:12     | Noticed a two-headed ogre
 12187 | D:12     | Killed a two-headed ogre
 12187 | D:12     | Reached skill level 11 in Dodging
 12192 | D:12     | Noticed a two-headed ogre
 12198 | D:12     | Killed a two-headed ogre
 12276 | D:12     | Noticed a vampire mage
 12287 | D:12     | Killed a vampire mage
 12558 | D:12     | Noticed a vampire mage
 12565 | D:12     | Noticed a deep elf sorcerer
 12571 | D:12     | Found a deep blue altar of Sif Muna.
 12883 | D:12     | Noticed a two-headed ogre
 12893 | D:12     | Killed a two-headed ogre
 13132 | D:12     | Identified the Disquisition on Air and Poison
 13150 | D:12     | Identified Qeniamifi's Grimoire of Calling and Weightlessness
 13207 | D:12     | Killed a vampire mage
 13207 | D:12     | Reached skill level 12 in Dodging
 13221 | D:12     | Killed a deep elf sorcerer
 13466 | D:12     | Identified Sif Muna's Handbook of the Shifting Voyage
 13477 | D:12     | Identified the Guide on the Escort
 13479 | D:12     | Identified Sif Muna's Incunabulum of Feathery Orientation
 13554 | D:12     | Gained mutation: You are surrounded by a moderate repulsion field. (EV +3) [demonic ancestry]
 13554 | D:12     | Reached XP level 13. HP: 106/106 MP: 13/13
 14059 | D:13     | Identified a scroll of acquirement
 14066 | D:13     | Identified a +2 pair of boots of running (You acquired it on level 13 of the Dungeon)
 14131 | D:13     | Found a gate to the Vaults.
 14277 | D:13     | Reached skill level 10 in Armour
 14303 | D:13     | Reached skill level 1 in Spellcasting
 14315 | D:13     | Learned a level 5 spell: Irradiate
 14534 | D:13     | Found a glowing silver altar of Zin.
 15053 | D:13     | Reached skill level 1 in Conjurations
 15181 | D:14     | Reached skill level 1 in Transmutations
 15251 | D:14     | Slain by a skeletal warrior

Vault maps used:
D:1:      elethiomel_arrival_quiet
D:2:      nicolae_overflow_hidden_temple, first_bread,
          nemelex_xobeh_ov_fountains_minmay
D:3:      grunt_temple_overflow_magic_moments, minmay_misc_feat_room
D:4:      temple_green
D:5:      kennysheep_mini_moat, nicolae_qazlal_style_of_elements
D:6:      basic_altar, guppyfry_early_elven_hall, uniq_duvessa, uniq_sigmund
D:7:      okawaru_humans
D:8:      david_lair_shrubbed, blue_anna_alchemist, uniq_maurice
D:9:      enter_bailey_2, st_stairs_1
D:10:     orc_0_dummy, minmay_misc_feat_encased, uniq_harold
D:11:     elves_outpost_lemuel
D:12:     evilmike_library_of_no_secrets
D:13:     erik_vaults_1, basic_altar, bh_chokoban, minivault_16
D:14:     kennysheep_cross_bottleneck, moated_statue
Temple:   regret_index_temple_sphere_string
Bailey:   bailey_polearm_3, bailey

Skill      XL: |  1  2  3  4  5  6  7  8  9 10 11 12 13 |
---------------+----------------------------------------+-----
Long Blades    | 3 4 5 6 7 8 10 11 | 11.0
Fighting       | 4 5 6 7 9 10 11 | 11.1
Dodging        | 3 6 7 9 10 12 | 12.0
Armour         | 3 8 10 | 10.0
Spellcasting   | 2 |  2.4
Conjurations   | 1 |  1.9
Transmutations | 1 |  1.7
Stealth        | |  1.7

Action                   |  1- 3 |  4- 6 |  7- 9 | 10-12 | 13-15 || total
-------------------------+-------+-------+-------+-------+-------++-------
Melee: Falchion          |   106 |   183 |   198 |       |       ||   487
       Headbutt          |       |    21 |    91 |   141 |    55 ||   308
       Scimitar          |       |       |   137 |   125 |       ||   262
       Long sword        |       |       |       |   337 |   171 ||   508
Evoke: Wand              |       |       |     2 |     4 |       ||     6
  Use: Potion            |       |     2 |     1 |     9 |     8 ||    20
       Scroll            |       |       |     5 |    17 |     5 ||    27
 Stab: Sleeping          |     6 |     4 |    12 |     6 |       ||    28
       Distracted        |       |       |     5 |     5 |       ||    10
       Invisible         |       |       |       |     3 |       ||     3
  Eat: Chunk             |       |     7 |    16 |    21 |     3 ||    47
       Fruit             |       |       |     3 |       |       ||     3
       Bread ration      |       |       |       |       |     3 ||     3
Armor: Robe              |    14 |    41 |    39 |    21 |       ||   115
       Scale mail        |       |       |       |    66 |    48 ||   114
Dodge: Dodged            |    83 |   169 |   292 |   404 |   145 ||  1093
       Rpst.: Falchion   |    32 |    47 |    63 |       |       ||   142
       Scimitar          |       |       |    30 |    35 |       ||    65
       Long sword        |       |       |       |    71 |    30 ||   101

Table legend:
 A = Spawn XP
 B = Non-spawn XP
 C = Spawn XP percentage of total XP
 D = Spawn monster count
 E = Non-spawn monster count
 F = Spawn count percentage of total count
 G = Total turns spent on level
                    A         B        C        D         E        F      G
               +---------+---------+-------+---------+---------+-------+---------
         Total |       0 |   49460 |   0.0 |       0 |     325 |   0.0 | 15251
               +---------+---------+-------+---------+---------+-------+---------
           D:1 |       0 |      41 |   0.0 |       0 |      19 |   0.0 |   646
           D:2 |       0 |      91 |   0.0 |       0 |      19 |   0.0 |   937
           D:3 |       0 |     152 |   0.0 |       0 |      27 |   0.0 |   793
           D:4 |       0 |     570 |   0.0 |       0 |      16 |   0.0 |  1160
           D:5 |       0 |     547 |   0.0 |       0 |      16 |   0.0 |  1469
           D:6 |       0 |    2115 |   0.0 |       0 |      33 |   0.0 |  1022
           D:7 |       0 |    1847 |   0.0 |       0 |      18 |   0.0 |   888
           D:8 |       0 |    3103 |   0.0 |       0 |      29 |   0.0 |  1014
           D:9 |       0 |    1547 |   0.0 |       0 |      16 |   0.0 |   751
          D:10 |       0 |    1377 |   0.0 |       0 |      11 |   0.0 |  1131
          D:11 |       0 |    9142 |   0.0 |       0 |      41 |   0.0 |  1726
          D:12 |       0 |   12575 |   0.0 |       0 |      32 |   0.0 |  1526
          D:13 |       0 |    8938 |   0.0 |       0 |      32 |   0.0 |  1484
          D:14 |       0 |    2065 |   0.0 |       0 |       4 |   0.0 |    76
        Bailey |       0 |    5350 |   0.0 |       0 |      12 |   0.0 |   498
               +---------+---------+-------+---------+---------+-------+---------
